 Dungeon Crawl Stone Soup version 0.19.3-1-g3169bf9 (webtiles) character file.

224 zhar the Covert (level 5, -2/35 HPs)
             Began as a Vampire Necromancer on Jan 24, 2017.
             Killed from afar by Natasha (10 damage)
             ... with a magic dart
             ... on level 3 of the Dungeon.
             The game lasted 00:29:26 (6048 turns).

zhar the Covert (Vampire Necromancer)               Turns: 6048, Time: 00:29:27

Health: -2/35      AC:  0    Str:  7    XL:     5   Next: 67%
Magic:  8/8        EV: 20    Int: 18    God:
Gold:   227        SH:  0    Dex: 20    Spells: 3 memorised, 1 level left

rFire  . . .     SeeInvis +     (weapon currently unavailable)
rCold  . . .     Gourm    .     (armour currently unavailable)
rNeg   + . .     Faith    .     (shield currently unavailable)
rPois  .         Spirit   .     (helmet currently unavailable)
rElec  .         Reflect  .     (cloak currently unavailable)
rCorr  .         Harm     .     (gloves currently unavailable)
MR     .....                    (boots currently unavailable)
Stlth  ++++++....               (no amulet)
                                (ring currently unavailable)
                                (ring currently unavailable)

@: bat-form, flying, slowed, quick
A: fangs 3, see invisible, (unbreathing)
a: End Transformation


You were on level 3 of the Dungeon.
You were not thirsty.
You were in vampire-bat-form.
You visited 1 branch of the dungeon, and saw 3 of its levels.

You collected 227 gold pieces.

Inventory:

Hand Weapons
 d - a +0 short sword
 g - a +3 mace of venom
 h - a +0 dagger
 j - a +0 dagger
 k - a +2 hunting sling of velocity
 l - a +4 dagger (melded)
 o - a +0 dagger
 p - a +0 hunting sling
 r - a +0 falchion of flaming
 s - a +2 antimagic spear
Armour
 a - a +0 robe (melded)
Scrolls
 e - 2 scrolls of magic mapping
 f - a scroll of immolation
 i - a scroll of blinking
 m - 2 scrolls of teleportation
 w - 2 scrolls of remove curse
 x - 3 scrolls of recharging
 y - 3 scrolls of noise {unknown}
Potions
 c - 6 potions of blood
 n - 2 potions of cure mutation {unknown}
 q - 2 potions of curing {unknown}
 t - a potion of lignification {unknown}
 u - a potion of might {unknown}
 v - 2 potions of heal wounds {unknown}
 z - a potion of degeneration {unknown}
Books
 b - a book of Necromancy

   Spells                             Type                      Level
   a - Pain                           Necromancy                   1
   b - Animate Skeleton               Necromancy                   1
   c - Vampiric Draining              Necromancy                   3
   d - Regeneration                   Charms/Necromancy            3
   e - Animate Dead                   Necromancy                   4
   f - Control Undead                 Necromancy                   4


   Skills:
 + Level 1.5 Short Blades
 - Level 2.1 Dodging
 - Level 9.0 Stealth
 - Level 2.0 Spellcasting
 - Level 4.3 Necromancy


You had one spell level left.
You knew the following spells:

 Your Spells              Type           Power        Failure   Level  Hunger
a - Pain                  Necr           ###.         3%          1    #......
b - Vampiric Draining     Necr           ###.......   12%         3    ###....
c - Regeneration          Chrm/Necr      #.........   24%         3    ###....


Dungeon Overview and Level Annotations

Branches:
Dungeon (3/15)

Altars:
Okawaru
Zin

Annotations:
D:3 Natasha


Innate Abilities, Weirdness & Mutations

You have razor-sharp teeth.
You have supernaturally acute eyesight. (SInv)
((You can survive without breathing.))


Message History

Natasha casts a spell at you.
You feel yourself slow down.
Natasha mewls in sadness.
Natasha casts a spell at you.
You feel as though you will be slow longer.
You see here a dagger.
Natasha casts a spell at you. The magic dart hits you!
* * * LOW HITPOINT WARNING * * *
Natasha mumbles some strange words.
You feel troubled.
You start resting.
Natasha stares at you and mumbles some strange words.
The magic dart hits you!
* * * LOW HITPOINT WARNING * * *
Natasha casts a spell at you. You resist with some effort.
Natasha stares at you and mumbles some strange words.
The magic dart hits you!
You die...

#..........# ##.........
#########>.# ##.......... ##8##
#.### #####<.#........ #8...8
#...# ##.....###....... #.....
#...# ##..##### ####รท### #_....
#...# #..## #.# ##.. #...# #.##
#.# #8...8##...###.#### #.##
###.....##......b...#### #..#
.#8.....8#...######..h.# ##.#
.##.....##...# #####.# #.# .#
8...8##..## #.....## ###.## .#
##>## #.#######..h...####.....
.#########......##....#...##.....
.......##..####.......###........
.......##..#######....# ####..<..
......................## #.....


You could see Natasha.

Vanquished Creatures
  Terence (D:1)
  Natasha (twice) (D:3)
  Robin (D:2)
  4 adders
  2 oozes
  A worm (D:2)
  A dart slug (D:1)
  3 leopard geckos
  An orc (D:3)
  2 bats
  5 giant cockroaches
  7 hobgoblins
  11 jackals
  A quokka (D:2)
  6 frilled lizards
  20 goblins
  5 kobolds
  13 rats
86 creatures vanquished.

Notes
Turn   | Place    | Note
-------+----------+-------------------------------------------
     0 | D:1      | zhar the Vampire Necromancer began the quest for the Orb.
     0 | D:1      | Reached XP level 1. HP: 13/13 MP: 3/3
   235 | D:1      | Reached skill level 4 in Stealth
   293 | D:1      | Reached XP level 2. HP: 17/19 MP: 0/5
   468 | D:1      | Reached skill level 5 in Stealth
   736 | D:1      | Reached XP level 3. HP: 18/24 MP: 1/6
  1057 | D:1      | Learned a level 3 spell: Vampiric Draining
  1092 | D:2      | Reached skill level 6 in Stealth
  1354 | D:2      | Noticed Robin
  1357 | D:2      | Noticed Terence
  1690 | D:1      | Killed Terence
  1690 | D:1      | Reached XP level 4. HP: 27/30 MP: 2/7
  1843 | D:2      | Reached skill level 1 in Short Blades
  2025 | D:2      | Reached skill level 7 in Stealth
  2424 | D:2      | Learned a level 3 spell: Regeneration
  2661 | D:2      | Found an iron altar of Okawaru.
  4123 | D:2      | Reached XP level 5. HP: 35/35 MP: 5/8
  4143 | D:2      | Reached skill level 8 in Stealth
  4814 | D:2      | Killed Robin
  5211 | D:3      | Noticed Natasha
  5232 | D:3      | Found a glowing silver altar of Zin.
  5668 | D:3      | Killed Natasha
  5747 | D:3      | Noticed Natasha
  5755 | D:3      | Killed Natasha
  5755 | D:3      | Reached skill level 9 in Stealth
  5801 | D:3      | Noticed Natasha
  6048 | D:3      | Killed from afar by Natasha

Skill      XL: |  1  2  3  4  5 |
---------------+----------------+-----
Stealth        | 4 5 6 7 9 |  9.0
Short Blades   | 1 |  1.5
Dodging        | |  2.1
Spellcasting   | |  2.0
Necromancy     | |  4.3

Action                   |  1- 3 |  4- 6 || total
-------------------------+-------+-------++-------
Melee: Dagger            |     3 |    19 ||    22
       Bite              |       |     4 ||     4
       Unarmed           |       |    17 ||    17
 Cast: Pain              |    51 |   110 ||   161
       Vampiric Draining |       |     1 ||     1
 Abil: Bat Form          |     2 |    16 ||    18
       End Transformatio |     2 |    15 ||    17
  Use: Scroll            |     5 |     3 ||     8
       Potion            |       |    13 ||    13
 Stab: Sleeping          |     3 |     6 ||     9
       Distracted        |       |     1 ||     1
  Eat: Corpse            |     2 |     2 ||     4
Armor: Robe              |     1 |    13 ||    14
Dodge: Dodged            |    21 |    77 ||    98
